Map: Hardwire LE

Players

Damrud

  • Race: Zerg Zerg
  • League: Master

Maro - Winner!

  • Race: Terran Terran
  • League: Master

VOD

Have the link to the VOD?

Description

Time

  • Played on: Nov. 13, 2021, 12:51 p.m.
  • Length: 5:59
Show
View Real Time Build Order
Export as new Build Order

Damrud Zerg 

Build Orders: Hatch First 

Get SALT Encoding   

  12  0:00  Drone  
  13  0:12  Overlord  
  13  0:17  Drone  
  14  0:30  Drone x2  
  14  0:34  Drone  
  17  0:51  Hatchery  
  17  0:54  Drone  
  17  0:57  Drone  
  18  1:07  Extractor  
  17  1:12  Spawning Pool  
  17  1:14  Drone  
  17  1:18  Drone  
  18  1:27  Drone  
  19  1:38  Overlord  
  19  1:49  Drone  
  20  1:58  Queen  
  20  2:00  Zergling x2  
  23  2:03  Queen  
  23  2:04  Zergling x2  
  26  2:08  Metabolic Boost  
  26  2:22  Hatchery  
  25  2:25  Drone  
  25  2:27  Drone  
  27  2:31  Drone  
  29  2:37  Drone x2  
  30  2:45  Queen  
  30  2:47  Drone  
  30  2:50  Drone  
  34  2:55  Overlord  
  34  2:59  Drone x2  
  34  3:03  Overlord  
  36  3:16  Drone  
  36  3:17  Drone x3  
  40  3:20  Queen  
  40  3:26  Drone  
  43  3:28  Overlord  
  42  3:35  Queen  
  42  3:37  Zergling x6  
  42  3:38  Zergling x2  
  42  3:39  Zergling x2  
  49  3:51  Drone  
  49  3:52  Zergling x6  
  49  3:53  Zergling x2  
  54  3:58  Queen  
  56  4:07  Overlord  
  56  4:08  Drone x3  
  57  4:11  Spore Crawler  
  57  4:12  Spore Crawler  
  57  4:15  Drone  
  57  4:16  Drone x2  
  56  4:19  Overlord x2  
  56  4:24  Drone x3, Spore Crawler  
  57  4:31  Drone, Baneling Nest  
  57  4:38  Drone x2  
  59  4:39  Drone  
  59  4:41  Drone  
  59  4:42  Zergling x6  
  64  4:49  Zergling x4  
  64  4:50  Zergling x6  
  69  4:53  Queen  
  69  4:55  Zergling x4  
  69  4:59  Zergling x4  
  73  5:01  Queen  
  69  5:13  Zergling x6  
  69  5:14  Zergling x6  
  66  5:18  Zergling x4  
  66  5:19  Zergling x2  
  66  5:21  Queen  
  66  5:27  Zergling x2  
  62  5:36  Zergling x4  
Show
View Real Time Build Order
Export as new Build Order

Maro Terran - Winner!

Build Orders: Gas First Reaper Expand, Hellion Opening 

Get SALT Encoding   

  12  0:00  SCV  
  13  0:12  SCV  
  14  0:17  Supply Depot  
  14  0:24  SCV  
  14  0:27  Refinery  
  15  0:38  SCV  
  16  0:44  Barracks  
  16  0:50  SCV  
  17  1:03  SCV  
  18  1:15  SCV  
  19  1:31  Reaper, Orbital Command  
  20  1:42  Command Center  
  20  1:53  Factory  
  20  1:57  SCV  
  21  2:05  Barracks Reactor  
  21  2:09  SCV  
  21  2:13  Supply Depot  
  22  2:16  Refinery  
  22  2:24  SCV  
  23  2:36  SCV  
  24  2:42  Starport  
  24  2:48  SCV  
  24  2:49  Hellion x2  
  24  2:51  Barracks Tech Lab  
  29  2:58  Orbital Command  
  29  3:01  SCV  
  30  3:11  Marauder  
  32  3:18  Viking  
  34  3:25  SCV  
  34  3:26  Supply Depot  
  35  3:28  Hellion  
  35  3:32  Hellion  
  39  3:35  Marauder  
  39  3:41  Concussive Shells  
  41  3:48  Medivac  
  43  3:51  SCV x2  
  43  3:54  Supply Depot  
  47  3:55  Hellion  
  47  3:56  Hellion  
  47  4:00  Marauder  
  51  4:07  SCV x2  
  52  4:17  Hellion  
  52  4:18  Armory, Hellion  
  52  4:22  Starport Tech Lab  
  54  4:36  SCV x2  
  54  4:37  Barracks Tech Lab  
  56  4:40  Hellion x2, Supply Depot  
  60  4:48  SCV x2  
  62  5:01  Hellion x2, Banshee  
  67  5:08  SCV x2  
  65  5:20  SCV  
  65  5:21  SCV  
  67  5:23  Hellion  
  67  5:24  Hellion  
  67  5:27  Supply Depot  
  69  5:33  SCV x2  
  69  5:46  SCV x2  
Tags
 
Add a new tag
Caveats
  • Supply blocks, unpowered buildings, or Contaminate may cause inaccurate times.
  • Supply counts are checked every 10 seconds.